 Dungeon Sprint DCSS version 0.27-a0-1081-ge8a0a9c698 (webtiles) character file.

Game seed: 4028795767768935134

9093 mhtbhm the Scorcher (level 11, -9/56 HPs)
             Began as a Deep Elf Fire Elementalist on Apr 25, 2021.
             Was the Champion of Vehumet.
             Killed from afar by a deep elf zephyrmancer (13 damage)
             ... with a bolt of lightning
             ... in the Dungeon (Sprint V: "Ziggurat Sprint").
             The game lasted 00:04:46 (1022 turns).

mhtbhm the Scorcher (Deep Elf Fire Elementalist)    Turns: 1022, Time: 00:04:47

Health: -9/56      AC:  5    Str:  5    XL:     11   Next: 18%
Magic:  35/42      EV: 18    Int: 34    God:    Vehumet [******]
Gold:   0          SH:  0    Dex: 15    Spells: 21/42 levels left

rFire    + . .     SeeInvis .   C - +8 lance "Wyrmbane" {slay drac, rPois rF+ rC+ AC+3}
rCold    + . .     Faith    .   (no shield)
rNeg     . . .     Spirit   .   a - +0 robe {Will+}
rPois    +         Reflect  .   (no helmet)
rElec    .         Harm     .   (no cloak)
rCorr    .         Rampage  .   (no gloves)
Will     ++...     NoTele   +   (no boots)
Stlth    ++++......             (no amulet)
HPRegen  0.18/turn              u - +6 ring of intelligence
MPRegen  0.28/turn              x - ring of Hexebol {MP+9 Int+4}

@: flying (expiring)
A: no striking features
a: Renounce Religion


You were in the Dungeon.
You worshipped Vehumet.
Vehumet was exalted by your worship.
You visited 1 branch

Inventory:

Hand Weapons
 C - the +8 lance "Wyrmbane" (weapon) {slay drac, rPois rF+ rC+ AC+3}
   (You found it in the Dungeon)

   It affects your AC (+3).
   It protects you from fire.
   It protects you from cold.
   It protects you from poison.
Armour
 a - a +0 robe of willpower (worn)
Jewellery
 s - the ring of Kunkeq {rN+++ Will+ Dex+2}
   (You found it in the Dungeon)

   [ring of willpower]

   It affects your dexterity (+2).
   It renders you almost immune to negative energy.
   It increases your willpower.
 u - a +6 ring of intelligence (left hand)
 x - the ring of Hexebol (right hand) {MP+9 Int+4}
   (You found it in the Dungeon)

   [ring of magical power]

   It affects your intelligence (+4).
   It affects your magic capacity (+9).
Wands
 y - a wand of mindburst (7)
 z - a wand of iceblast (4)
Scrolls
 m - 4 scrolls of amnesia
 n - 7 scrolls of fog
 o - a scroll of holy word
 p - 5 scrolls of identify
 q - 2 scrolls of fear
Potions
 b - 2 potions of brilliance
 c - 10 potions of curing
 d - 14 potions of heal wounds
 e - 6 potions of haste
 f - 7 potions of magic
 g - 3 potions of berserk rage
 i - 2 potions of invisibility
 j - 4 potions of resistance
 k - a potion of experience
 l - 6 potions of might
Miscellaneous
 r - a phantom mirror
 w - a phantom mirror
 B - a lightning rod (4/4)


   Skills:
 + Level 1.3 Fighting
 + Level 11.2 Dodging
 - Level 9.7 Stealth
 + Level 16.0 Spellcasting
 + Level 9.0 Conjurations
 + Level 18.9 Fire Magic
 + Level 8.9 Evocations


You had 21 spell levels left.
You knew the following spells:

 Your Spells              Type           Power      Damage    Failure   Level
a - Foxfire               Conj/Fire      100%       2x1d9     0%          1
b - Conjure Flame         Conj/Fire      89%        6-21      0%          3
c - Inner Flame           Hex/Fire       75%        N/A       1%          3
d - Sticky Flame          Conj/Fire      89%        2d10      1%          4
e - Fireball              Conj/Fire      44%        3d18      1%          5
f - Lee's Rapid Deconstr  Erth           13%        3d10*     11%         5

Your spell library contained the following spells:

 Spells                   Type           Power      Damage    Failure   Level
 Airstrike                Air            13%        N/A       4%          4
 Magic Dart               Conj           100%       1d8       1%          1
 Mephitic Cloud           Conj/Pois/Air  47%        N/A       1%          3
 Irradiate                Conj/Tmut      27%        3d23      1%          5
 Blink                    Tloc           N/A        N/A       2%          2
 Call Imp                 Summ           27%        N/A       2%          2
 Ensorcelled Hibernation  Hex/Ice        54%        N/A       2%          2
 Passwall                 Tmut/Erth      22%        N/A       2%          2
 Slow                     Hex            27%        N/A       2%          2
 Swiftness                Air            27%        N/A       4%          3
 Animate Armour           Summ/Erth      54%        N/A       14%         4
 Passage of Golubria      Tloc           N/A        N/A       14%         4
 Borgnjor's Vile Clutch   Necr/Erth      13%        N/A       36%         5
 Silence                  Hex/Air        13%        N/A       36%         5
 Blade Hands              Tmut           13%        N/A       91%         6
 Invisibility             Hex            27%        N/A       91%         6
 Shadow Creatures         Summ           N/A        N/A       91%         6
 Statue Form              Tmut/Erth      18%        N/A       91%         6
 Dragon Form              Tmut           13%        N/A       100%        7


Dungeon Overview and Level Annotations

Branches:
Dungeon (1/1)

Altars:
Ashenzari
Cheibriados
Dithmenos
Elyvilon
Fedhas
Gozag
Hepliaklqana
Kikubaaqudgha
Makhleb
Nemelex Xobeh
Okawaru
Qazlal
Ru
Sif Muna
Trog
Uskayaw
Vehumet
Wu Jian
Xom
Yredelemnul
Zin
The Shining One
Beogh
Jiyva
Lugonu


Message History

The +1 long sword of electrocution is lightly damaged.
The vortex of raging winds lifts you up.
You fly up into the air.
The deep elf high priest dies!
Your Fighting skill increases to level 1!
Your Dodging skill increases to level 11!
Your Conjurations skill increases to level 8!
Your Evocations skill increases to level 8!
You have reached level 11!
Unknown command.
Unknown command.
Aiming: Corrosive Bolt
Press: ? - help, Shift-Dir - straight line, f - air elemental
Aim: an air elemental (raging winds, 48% to hit)
The bolt of acid hits the air elemental!!
The air elemental is splashed with acid.
The acid corrodes the air elemental!
The air elemental is almost destroyed.
The bolt of acid hits the +2 broad axe of pain!!
The +2 broad axe of pain is splashed with acid.
The +2 broad axe of pain falls from the air.
Vehumet accepts your kill.
The now-empty wand crumbles to dust.
The air elemental misses you. The air elemental barely misses you.
The deep elf zephyrmancer casts a spell at you.
The bolt of lightning misses the +1 long sword of electrocution.
The bolt of lightning hits you!!
* * * LOW HITPOINT WARNING * * *
The air elemental hits you.
* * * LOW HITPOINT WARNING * * *
Your Spellcasting skill increases to level 16!
Your Conjurations skill increases to level 9!
Unknown command.
Blink to where?
Press: ? - help, Dir - move target, p - air elemental
As you read the scroll of blinking, it crumbles to dust.
The winds around the air elemental start to calm down.
The deep elf zephyrmancer points at you and mumbles some strange words.
The bolt of lightning hits you!
You die...

....))...▓.......▓
....)....▓.......▓
.........▓.......▓
.........▓.......▓
.........▓.▓...▓.▓
....©....▓...©...▓
▓▓▓▓▓▓▓▓▓▓▓▓▓▓▓▓▓▓
..8©8...▓
▓..°)}=e.@▓
▓...°)))..▓
▓...Ee§...▓
▓.§§§§§§§.▓
▓.§§§E§(§.▓
▓.§§§§§§§.▓
▓.▓§§.§§▓.▓
▓.§§§§§§§.▓
▓▓▓▓▓▓▓▓▓▓▓


You could see 2 deep elf zephyrmancers, a fire elemental, an air elemental
(corroded) and a +1 long sword of electrocution.

Vanquished Creatures
  3 two-headed ogres (D)
  A dancing weapon (D)
  A thrashing horror (D)
  A deep elf knight (D)
  A sixfirhy (D)
  A deep elf archer (D)
  A cyclops (D)
  A smoke demon (D)
  4 rime drakes (D)
  A jumping spider (D)
  A large abomination (D)
  A slime creature (D)
  2 tarantellas (D)
  A ynoxinul (D)
  2 water moccasins (D)
  A necrophage (D)
  4 ogres (D)
  A phantom (D)
  4 scorpions (D)
  A wight (D)
  3 crimson imps (D)
  A jelly (D)
  An iron imp (D)
  An adder (D)
  A shadow imp (D)
  3 ufetubi (D)
  An adder skeleton (D)
  A bat skeleton (D)
  2 ball pythons (D)
  A ball python zombie (D)
48 creatures vanquished.

Vanquished Creatures (others)
  A deep elf high priest (D)
1 creature vanquished.

Grand Total: 49 creatures vanquished

Notes
Turn   | Place    | Note
-------+----------+-------------------------------------------
     0 | D        | mhtbhm the Deep Elf Fire Elementalist began the quest for
                  | the Orb.
     0 | D        | Reached XP level 1. HP: 10/10 MP: 6/6
     0 | D        | Found a shimmering blue altar of Sif Muna.
     0 | D        | Found a bloodstained altar of Trog.
     0 | D        | Found a sacrificial altar of Ru.
     0 | D        | Found a stormy altar of Qazlal.
     0 | D        | Found an iron altar of Okawaru.
     1 | D        | Found a sparkling altar of Nemelex Xobeh.
     1 | D        | Found a blossoming altar of Fedhas.
     2 | D        | Found the +6 Majin-Bo {vamp, MP+6 Int+6}
     2 | D        | Found the +9 heavy crossbow "Sniper" {vorpal, Acc+∞ SInv}
     2 | D        | Found the +10 dark maul {vorpal}
     2 | D        | Found the +15 Maxwell's patent armour {-Cast -Tele rElec
                  | Will+ rCorr}
     2 | D        | Found the +18 shield of the Gong {rElec rN+ Will+ EV-5}
     2 | D        | Found the +14 obsidian axe {vorpal, Drain Fly SInv}
     2 | D        | Found the +7 great mace "Firestarter" {inner flame, rF++}
     2 | D        | Found the +6 shillelagh "Devastator" {shatter}
     2 | D        | Found the +11 plutonium sword {Contam Stlth-}
     2 | D        | Found the +8 lance "Wyrmbane" {slay drac, rPois rF+ rC+
                  | AC+3}
     2 | D        | Found the +9 sword of Zonguldrok {reap}
     2 | D        | Found the +13 scythe of Curses {drain, Drain}
     2 | D        | Found the +5 sword of Power {vorpal}
     2 | D        | Found the +7 mace of Variability {chain chaos}
     2 | D        | Found the +7 Singing Sword {vorpal, sonic wave}
     2 | D        | Found the +8 storm bow {elec, penet}
     3 | D        | Found a transporter.
     3 | D        | Found an ancient bone altar of Kikubaaqudgha.
     3 | D        | Found a viscous altar of Jiyva.
     3 | D        | Found a corrupted altar of Lugonu.
     3 | D        | Found a hazy altar of Hepliaklqana.
     3 | D        | Found a burning altar of Makhleb.
     3 | D        | Found an opulent altar of Gozag.
    44 | D        | Became a worshipper of Vehumet
    57 | D        | Entered arena 2.
    57 | D        | Noticed a jelly
    57 | D        | Noticed a slime creature
    57 | D        | Found a transporter.
    59 | D        | Killed a jelly
    60 | D        | Reached skill level 6 in Fire Magic
    60 | D        | Reached XP level 2. HP: 15/15 MP: 7/9
    60 | D        | Reached XP level 3. HP: 19/19 MP: 7/10
    62 | D        | Killed a slime creature
    63 | D        | Reached skill level 5 in Dodging
    63 | D        | Reached skill level 10 in Fire Magic
    63 | D        | Reached skill level 1 in Evocations
    63 | D        | Reached XP level 4. HP: 24/24 MP: 8/15
    63 | D        | Reached XP level 5. HP: 28/28 MP: 8/16
   185 | D        | Learned a level 3 spell: Conjure Flame
   189 | D        | Learned a level 3 spell: Inner Flame
   194 | D        | Learned a level 4 spell: Sticky Flame
   200 | D        | Learned a level 5 spell: Fireball
   200 | D        | Entered arena 3.
   200 | D        | Noticed a tarantella
   200 | D        | Found a transporter.
   201 | D        | Reached * piety under Vehumet
   201 | D        | Offered knowledge of Sandblast by Vehumet.
   202 | D        | Reached skill level 5 in Stealth
   202 | D        | Reached skill level 11 in Fire Magic
   202 | D        | Reached XP level 6. HP: 32/32 MP: 12/18
   203 | D        | Killed a tarantella
   204 | D        | Reached skill level 12 in Fire Magic
   310 | D        | Entered arena 4.
   310 | D        | Noticed a rime drake
   310 | D        | Noticed a rime drake
   310 | D        | Noticed a rime drake
   310 | D        | Noticed a rime drake
   310 | D        | Found a transporter.
   312 | D        | Killed a rime drake
   312 | D        | Reached ** piety under Vehumet
   312 | D        | Killed a rime drake
   312 | D        | Killed a rime drake
   313 | D        | Reached skill level 10 in Spellcasting
   313 | D        | Reached skill level 14 in Fire Magic
   313 | D        | Reached XP level 7. HP: 36/36 MP: 15/23
   313 | D        | Reached XP level 8. HP: 41/41 MP: 15/24
   313 | D        | Killed a rime drake
   314 | D        | Reached skill level 15 in Fire Magic
   378 | D        | Entered arena 5.
   378 | D        | Noticed a jumping spider
   378 | D        | Found a transporter.
   380 | D        | Reached *** piety under Vehumet
   380 | D        | Offered knowledge of Searing Ray by Vehumet.
   382 | D        | Killed a jumping spider
   383 | D        | Reached XP level 9. HP: 45/45 MP: 22/26
   394 | D        | Entered arena 6.
   394 | D        | Found a transporter.
   395 | D        | Reached **** piety under Vehumet
   397 | D        | Reached skill level 16 in Fire Magic
   404 | D        | Got the ring of Kunkeq {rN+++ Will+ Dex+2}
   430 | D        | Entered arena 7.
   430 | D        | Noticed a sixfirhy
   431 | D        | Reached ***** piety under Vehumet
   433 | D        | Killed a sixfirhy
   438 | D        | Found a transporter.
   590 | D        | Entered arena 8.
   591 | D        | Offered knowledge of Static Discharge by Vehumet.
   591 | D        | Reached ****** piety under Vehumet
   593 | D        | Found a transporter.
   723 | D        | Entered arena 9.
   723 | D        | Noticed a thrashing horror
   723 | D        | Noticed a smoke demon
   728 | D        | Found a transporter.
   730 | D        | Killed a smoke demon
   730 | D        | Killed a thrashing horror
   731 | D        | Reached skill level 10 in Dodging
   731 | D        | Reached skill level 5 in Conjurations
   731 | D        | Reached skill level 17 in Fire Magic
   731 | D        | Reached skill level 5 in Evocations
   731 | D        | Reached XP level 10. HP: 22/50 MP: 19/29
   872 | D        | Got the ring of Mynant {rPois Str+4}
   903 | D        | Entered arena 10.
   903 | D        | Noticed a two-headed ogre
   903 | D        | Noticed a two-headed ogre
   903 | D        | Noticed a cyclops
   903 | D        | Noticed a two-headed ogre
   904 | D        | Offered knowledge of Airstrike by Vehumet.
   905 | D        | Killed a two-headed ogre
   906 | D        | Killed a cyclops
   907 | D        | Reached skill level 18 in Fire Magic
   907 | D        | Killed a two-headed ogre
   908 | D        | Killed a two-headed ogre
   909 | D        | Reached skill level 15 in Spellcasting
   909 | D        | Found a transporter.
   919 | D        | Got the ring of Hexebol {MP+9 Int+4}
   942 | D        | Learned a level 5 spell: Lee's Rapid Deconstruction
  1018 | D        | Entered arena 11.
  1018 | D        | Noticed a deep elf knight
  1018 | D        | Noticed a deep elf archer
  1018 | D        | Noticed a +1 long sword of electrocution
  1018 | D        | Noticed a +2 broad axe of pain
  1018 | D        | Noticed a deep elf zephyrmancer
  1018 | D        | Noticed a deep elf zephyrmancer
  1018 | D        | Noticed a deep elf high priest
  1020 | D        | Killed a deep elf knight
  1020 | D        | Killed a deep elf archer
  1020 | D        | Killed a deep elf high priest
  1021 | D        | Reached skill level 1 in Fighting
  1021 | D        | Reached XP level 11. HP: 44/56 MP: 32/32
  1021 | D        | Killed a +2 broad axe of pain
  1022 | D        | Found a transporter.
  1022 | D        | Killed from afar by a deep elf zephyrmancer

Illustrated notes

Levels and vault maps discovered:
D:        sprint_v [room_start, room_1, room_2, room_3, room_4, room_5, room_6,
          room_7, room_8, room_9, room_10, room_11, room_12, room_13, room_14,
          room_15, room_16, room_17, room_18, room_19, room_20, room_21,
          room_22, room_23, room_24, room_25, room_26, room_27]

Skill      XL: |  1  2  3  4  5  6  7  8  9 10 11 |
---------------+----------------------------------+-----
Dodging        | 3 5 6 8 9 10 11 | 11.2
Stealth        | 3 4 5 7 8 9 |  9.7
Spellcasting   | 4 7 10 11 13 15 16 | 16.0
Fire Magic     | 6 10 11 14 15 17 18 | 18.9
Evocations     | 1 2 3 4 5 8 |  8.9
Conjurations   | 2 5 8 9 |  9.0
Fighting       | 1 |  1.3

Action                   |  1- 3 |  4- 6 |  7- 9 | 10-12 || total
-------------------------+-------+-------+-------+-------++-------
 Cast: Fireball          |       |     4 |    12 |     9 ||    25
Evoke: Wand              |     3 |       |     4 |     3 ||    10
       Lightning rod     |     1 |       |     6 |       ||     7
  Use: Scroll            |     1 |       |     1 |     2 ||     4
Armor: Robe              |       |       |     2 |     2 ||     4
Dodge: Dodged            |       |       |     8 |     4 ||    12

Table legend: (Time is in decaauts)
 A = Elapsed time spent in this place.
 B = Non-inter-level travel time spent in this place.
 C = Inter-level travel time spent in this place.
 D = Time resting spent in this place.
 E = Time spent auto-exploring this place.
 F = Levels seen in this place.
 G = Mean time per level.
                   A        B        C        D        E       F      G
               +--------+--------+--------+--------+--------+-----+--------+
         Total |   1019 |   1019 |      0 |    731 |      0 |   1 | 1019.0 |
       Dungeon |   1019 |   1019 |      0 |    731 |      0 |   1 | 1019.0 |
               +--------+--------+--------+--------+--------+-----+--------+

Top non-repeatable levels by time:
       D: 1019 daAuts
